 Dungeon Crawl Stone Soup version 0.29.1-1-gd02db6906a (webtiles) character file.

Game seed: 14482655144815660201

88796 RKaid the Crack Shot (level 15, -19/86 HPs)
             Began as a Deep Elf Hunter on Sept 23, 2022.
             Was the Champion of Hepliaklqana.
             Killed from afar by Jorgrun (22 damage)
             ... with an iron shot
             ... while petrified by Jorgrun
             ... on level 1 of the Orcish Mines on Sept 25, 2022.
             The game lasted 01:16:06 (23594 turns).

RKaid the Crack Shot (Deep Elf Hunter)             Turns: 23594, Time: 01:16:06

Health: -19/86     AC: 14    Str: 12    XL:     15   Next: 47%
Magic:  25/25      EV: -1    Int: 16    God:    Hepliaklqana [******]
Gold:   3503       SH:  0    Dex: 24    Spells: 14/14 levels left

rFire   + . .      SeeInvis +   a - +0 arbalest (flame)
rCold   + . .      Faith    .   (shield currently unavailable)
rNeg    + + +      Spirit   .   l - +2 robe {rC+ rF+} {rC+, rF+}
rPois   ∞          Reflect  +   B - +1 hat
rElec   .          Harm     .   e - +2 cloak
rCorr   .          Rampage  .   U - +0 pair of gloves
Will    +....                   r - +0 pair of boots
Stlth   ++........              y - amulet of reflection
HPRegen 0.24/turn               Q - ring of the Doge {rPois Str+4 Slay+6 SInv}
MPRegen 0.19/turn               L - +4 ring of protection

@: petrified, grasped by roots, constricted
A: reduced essence
a: Renounce Religion, Recall Ancestor, Ancestor Identity, Transference, Idealise


You were on level 1 of the Orcish Mines.
You worshipped Hepliaklqana.
Hepliaklqana was exalted by your worship.
You visited 3 branches of the dungeon, and saw 21 of its levels.
You also visited: Sewer, Bailey and Ice Cave.

You collected 3503 gold pieces.

Inventory:

Hand Weapons
 a - a +0 arbalest of flaming (weapon)
   (You took it off an orc warrior on level 8 of the Dungeon)
Missiles
 F - 6 curare-tipped darts
 Z - a throwing net {=f}
Armour
 e - a +2 cloak (worn)
   (You found it on level 1 of the Dungeon)
 l - a +2 robe of resistance (worn) {rC+, rF+}
   (You took it off Dowan on level 5 of the Dungeon)
 r - a +0 pair of boots (worn)
   (You found it on level 3 of the Dungeon)
 B - a +1 hat (worn)
   (You found it on level 7 of the Dungeon)
 U - a +0 pair of gloves (worn)
   (You found it on level 1 of the Lair of Beasts)
Jewellery
 b - a ring of see invisible {sInv}
   (You found it on level 13 of the Dungeon)
 q - a ring of protection from fire {rF+}
   (You found it on level 12 of the Dungeon)
 y - an amulet of reflection (around neck)
   (You found it on level 6 of the Dungeon)
 E - a ring of willpower
   (You found it on level 12 of the Dungeon)
 K - a +4 ring of evasion
   (You found it on level 6 of the Dungeon)
 L - a +4 ring of protection (right hand)
   (You found it on level 8 of the Dungeon)
 Q - the ring of the Doge (left hand) {rPois Str+4 Slay+6 SInv}
   (You acquired it on level 1 of the Lair of Beasts)

   [ring of poison resistance]

   Str:       It affects your strength (+4).
   Slay:      It affects your accuracy & damage with ranged weapons and melee
   (+6).
   rPois:     It protects you from poison.
   SInv:      It lets you see invisible.
 R - a ring of protection from cold {rC+}
   (You found it on level 5 of the Lair of Beasts)
 Y - an amulet of regeneration {+regen}
   (You found it on level 3 of the Lair of Beasts)
Wands
 u - a wand of mindburst (30)
   (You found it on level 6 of the Dungeon)
 A - a wand of acid (12)
   (You found it on level 10 of the Dungeon)
 D - a wand of digging (5)
   (You found it on level 11 of the Dungeon)
 G - a wand of iceblast (19)
   (You found it on level 7 of the Dungeon)
 S - a wand of paralysis (31)
   (You found it on level 6 of the Dungeon)
Scrolls
 k - 5 scrolls of magic mapping {!r}
 n - 2 scrolls of fear
 t - 11 scrolls of teleportation
 x - 2 scrolls of summoning
 C - 4 scrolls of butterflies
 H - 5 scrolls of enchant weapon
 I - 2 scrolls of enchant armour
 N - 2 scrolls of immolation {!r}
 P - 4 scrolls of vulnerability {!r!r}
 X - 3 scrolls of amnesia
Potions
 c - 11 potions of curing
 d - a potion of invisibility
 f - 3 potions of flight
 h - 4 potions of heal wounds
 j - 8 potions of berserk rage {!q}
 m - 4 potions of ambrosia
 o - a potion of brilliance {unknown}
 w - 6 potions of mutation {!q!q}
 z - 5 potions of attraction {!q}
 O - 5 potions of haste
 T - a potion of resistance {unknown}
Miscellaneous
 J - a tin of tremorstones (2/2)
   (You found it in a bailey)
 M - a phantom mirror
   (You found it on level 12 of the Dungeon)


   Skills:
 + Level 12.1 Fighting
 + Level 21.6 Ranged Weapons
 + Level 19.9 Dodging
 - Level 1.2 Stealth
 + Level 11.9 Invocations


You had 14 spell levels left.
You didn't know any spells.
Your spell library contained the following spells:

 Spells                   Type           Power      Damage    Failure   Level
 Apportation              Tloc           0%         N/A       26%         1
 Foxfire                  Conj/Fire      0%         2x1d4     26%         1
 Magic Dart               Conj           0%         1d3       26%         1
 Necrotise                Necr           0%         1d4       26%         1
 Sandblast                Erth           0%         2d4       26%         1
 Sting                    Tmut/Pois      0%         1d3       26%         1
 Summon Small Mammal      Summ           0%         N/A       26%         1
 Call Imp                 Summ           0%         N/A       36%         2
 Passwall                 Tmut/Erth      0%         N/A       36%         2
 Poisonous Vapours        Pois/Air       0%         N/A       36%         2
 Sublimation of Blood     Necr           0%         N/A       36%         2
 Wereblood                Tmut           0%         N/A       36%         2
 Conjure Flame            Conj/Fire      0%         6-21      58%         3
 Dazzling Flash           Conj/Hex       0%         N/A       58%         3
 Gell's Gravitas          Tloc           0%         N/A       58%         3
 Inner Flame              Hex/Fire       0%         N/A       58%         3
 Mephitic Cloud           Conj/Pois/Air  0%         N/A       58%         3
 Stone Arrow              Conj/Erth      0%         3d7       58%         3
 Teleport Other           Tloc           0%         N/A       58%         3
 Animate Armour           Summ/Erth      0%         N/A       94%         4
 Animate Dead             Necr           0%         N/A       94%         4
 Flame Wave               Conj/Fire      0%         2d4       94%         4
 Iskenderun's Mystic Bla  Conj/Tloc      0%         2d3       94%         4
 Leda's Liquefaction      Hex/Erth       0%         N/A       94%         4
 Olgreb's Toxic Radiance  Pois           0%         N/A       94%         4
 Blade Hands              Tmut           0%         N/A       100%        5
 Fireball                 Conj/Fire      0%         3d3       100%        5
 Lee's Rapid Deconstruct  Erth           0%         3d5*      100%        5
 Dispersal                Tloc           0%         N/A       100%        6
 Iron Shot                Conj/Erth      0%         9d1       100%        6
 Simulacrum               Ice/Necr       0%         N/A       100%        6
 Starburst                Conj/Fire      0%         6d3       100%        6
 Statue Form              Tmut/Erth      0%         N/A       100%        6
 Haunt                    Necr/Summ      0%         N/A       100%        7
 Summon Hydra             Summ           0%         N/A       100%        7
 Ignition                 Fire           0%         3d3       100%        8
 Infestation              Necr           0%         N/A       100%        8
 Shatter                  Erth           0%         3d5*      100%        9


Dungeon Overview and Level Annotations

Branches:
Dungeon (15/15)            Temple (0/1) D:6            Lair (5/5) D:9
  Swamp (0/4) Lair:3        Snake (0/4) Lair:3        Slime (0/5) Lair:5
    Orc (1/2) D:9          Vaults (0/5) D:14         Depths (0/4) D:15
  Sewer (visited)          Bailey (visited)           IceCv (visited)

Altars:
Ashenzari
Elyvilon
Gozag
Hepliaklqana
Kikubaaqudgha
Makhleb
Nemelex Xobeh
Okawaru
Qazlal
Ru
Vehumet
Jiyva

Shops:
D:9 ([   D:11 :   D:12 *   D:15 (

Annotations:
D:4 Pikel
D:6 3 runed translucent doors, mif's ghost, amateur MiBe
D:13 3 runed translucent doors, predelnik's ghost, journeyman HuCj
Lair:1 exclusion: catoblepas
Lair:2 3 runed translucent doors, NineInchNils's ghost, journeyman OgHu
Orc:1 Jorgrun


Message History

The wizard shouts!
You shoot a bolt. The bolt hits the wizard!!!
The bolt burns the wizard.
You kill the wizard!
No target in view!
No target in view!
Cheryl emerges from the mists of memory!
Things that are here:
a +0 dagger; a +0 robe Done exploring.
Done exploring.
Done exploring.
Done exploring.
Done exploring.
Search for what [? for help]? .
Unknown command.
Search for what [Enter for "."]? armour
(D) Dungeon (T) Temple (L) Lair (S) Swamp (P) Snake Pit (M) Slime Pits (O) Orcish Mines (V) Vaults (U) Depths
Where to? (Enter - D:14 @ (x,y), ? - help)
What level of the Orcish Mines? (default 1, ? - help)
You swap places.
There is a stone staircase leading up here.
You climb upwards.
There is a stone staircase leading down here.
You swap places.
There is an open door here.
There is an open door here.
There is a stone staircase leading up here.
You climb upwards.
Level annotation: 3 runed translucent doors, predelnik's ghost, journeyman HuCj
There is a stone staircase leading down here.
You swap places.
You open the door.
There is an open door here.
There is a stone staircase leading up here.
You climb upwards.
There is a stone staircase leading down here.
There is a stone staircase leading up here.
You climb upwards.
There is a stone staircase leading down here.
There is a stone staircase leading up here.
You climb upwards.
There is a stone staircase leading down here.
You swap places.
There is a stone staircase leading up here.
You climb upwards.
There is a stone staircase leading down here.
You swap places.
There is an entrance to Gotaiff's Armour Shoppe here.
There is a staircase to the Orcish Mines here.
You climb downwards.
Welcome to the Orcish Mines!
There is a staircase back to the Dungeon here.
You swap places.
Jorgrun Earthshaker comes into view.
He is wielding a +0 vorpal quarterstaff and wearing a +2 robe of fire resistance.
Jorgrun shouts!
Jorgrun says, "May tha earth consume ye!"
Unknown command.
Press: ? - help, v - describe, . - travel
Here: Jorgrun, wielding a +0 vorpal quarterstaff and wearing a +2 robe of fire resistance (ally target)
The floor.
You swap places.
You shoot a bolt. The bolt hits Jorgrun!
The bolt burns Jorgrun.
Jorgrun points at you and mumbles some strange words.
Roots burst forth from the earth!
The grasping roots grab you! The grasping roots constrict you!
You shoot a bolt. The bolt barely misses Jorgrun.
The grasping roots constrict you!
You shoot a bolt. The bolt completely misses Jorgrun.
Cheryl hits Jorgrun with a +0 broad axe of flaming!
Cheryl burns Jorgrun.
The grasping roots constrict you!
You shoot a bolt. The bolt misses Jorgrun.
Cheryl barely misses Jorgrun.
Jorgrun casts a spell at you.
You are slowing down.
The grasping roots constrict you.
You feel much better.
Cheryl closely misses Jorgrun.
Jorgrun points at you and mumbles some strange words.
You shatter!!!
The grasping roots constrict you!
You hear a shout! x7
Your limbs are stiffening.
Aiming: Corrosive Bolt
Press: ? - help, Shift-Dir - straight line, f/p - Jorgrun
Aim: Jorgrun, wielding a +0 vorpal quarterstaff and wearing a +2 robe of fire resistance (lightly wounded, ally target, 53% to hit)
The bolt of acid hits Jorgrun!
The acid corrodes Jorgrun!
Cheryl hits Jorgrun with a +0 broad axe of flaming!
Jorgrun says, "Tha earth be me home, an' ye be trespassing!"
The grasping roots constrict you!
* * * LOW HITPOINT WARNING * * *
The grasping roots constrict you!
* * * LOW HITPOINT WARNING * * *
You have turned to stone.
Jorgrun hits you with a +0 vorpal quarterstaff!
* * * LOW HITPOINT WARNING * * *
The grasping roots constrict you!
* * * LOW HITPOINT WARNING * * *
Cheryl barely misses Jorgrun.
Jorgrun gestures at you while chanting. The iron shot hits you!!!
You die...

.... .......
.... ........
..... #.......
.....####.......
#......#.......
............#
#....Rg...##
#.....@...#
##......<.#
#....#..##
##...#### ##.##
##


You could see the friendly Cheryl the knight and Jorgrun (corroded, ally
target).

Vanquished Creatures
  A frost giant (D:15)
  An orc warlord (Bailey)
  A rakshasa (D:14)
  Fannar (Lair:1)
  6 hydras
  A catoblepas (D:13)
  2 ironbound frosthearts (IceCv)
  A boulder beetle (D:12)
  2 centaur warriors
  An ogre mage (D:15)
  3 two-headed ogres
  3 tengu warriors
  3 death yaks (IceCv)
  Nergalle (Lair:3)
  A deep troll (shapeshifter) (D:14)
  An obsidian statue (D:12)
  A wizard (D:15)
  A phantasmal warrior (D:14)
  An orc knight (D:15)
  4 cyclopes
  5 ugly things
  2 manticores (D:11)
  A salamander (shapeshifter) (D:14)
  2 gargoyles
  2 elephants (Lair:3)
  5 black mambas
  7 rime drakes
  5 cane toads
  An unseen horror (D:12)
  6 komodo dragons
  A freezing wraith (D:14)
  2 tengu conjurers (D:15)
  A troll (D:9)
  17 polar bears
  24 blink frogs
  2 spriggans (shapeshifter) (D:14)
  A wraith (D:12)
  54 yaks
  7 basilisks
  3 vampire mosquitoes
  9 wyverns
  2 steam dragons (D:8)
  4 wargs
  2 death yak simulacra (D:13)
  2 acid dragons
  3 nagas (Lair:3)
  9 water moccasins
  Duvessa (D:5)
  18 orc warriors
  15 hell hounds (Lair:5)
  3 ogres
  17 wolves
  12 black bears
  9 centaurs
  2 lemures (D:4)
  2 kobold brigands (D:9)
  4 bullfrogs
  Blork the orc (D:4)
  A gnoll sergeant (D:6)
  4 scorpions
  3 necrophages (Lair:4)
  4 two-headed ogre simulacra (D:13)
  10 wights
  Dowan (D:5)
  6 killer bees (D:9)
  15 electric eels
  3 howler monkeys
  A lava snake (Lair:3)
  10 jellies (Lair:5)
  4 hounds
  2 orc priests (D:9)
  A gnoll bouda (D:4)
  3 iguanas
  6 orc wizards
  A polar bear simulacrum (D:13)
  10 hell rats (Lair:4)
  A troll simulacrum (D:13)
  13 gnolls
  8 adders
  2 river rats (Sewer)
  2 white imps (D:7)
  2 ufetubi
  2 worms
  3 dart slugs
  35 orcs
  10 endoplasms
  2 giant cockroaches (D:1)
  16 goblins
  13 hobgoblins
  5 jackals
  13 kobolds
  3 quokkas
  4 ball pythons
  A bat (D:1)
  2 frilled lizards
  5 rats
526 creatures vanquished.

Vanquished Creatures (collateral kills)
  2 hydras
  A boulder beetle (D:14)
  2 catoblepae
  4 two-headed ogres
  A centaur warrior (D:13)
  A death knight (D:14)
  A cyclops (D:11)
  A manticore (Lair:5)
  3 elephants (Lair:3)
  An ice statue (IceCv)
  A rime drake (Lair:4)
  A komodo dragon (Lair:1)
  2 freezing wraiths (D:14)
  4 polar bears
  2 blink frogs (Lair:2)
  Sigmund (D:6)
  17 yaks
  A vampire (D:14)
  A steam dragon (D:6)
  5 basilisks
  A vampire mosquito (D:13)
  A warg (Lair:5)
  2 hell hounds (Lair:5)
  An acid dragon (D:13)
  2 water moccasins
  An ice beast (D:7)
  A black bear (D:9)
  6 orc warriors
  8 wolves
  3 centaurs
  An ogre (D:15)
  5 bullfrogs
  2 scorpions (D:6)
  4 necrophages (Lair:4)
  4 wights
  3 killer bees (D:9)
  A lava snake (Lair:3)
  2 jellies
  2 orc priests
  2 gnoll boudas
  A hound (D:6)
  An iguana (D:5)
  3 orc wizards
  4 hell rats
  11 gnolls
  2 adders (D:6)
  2 river rats (Sewer)
  8 orcs
  A goblin (Bailey)
  2 hobgoblins (Bailey)
  A quokka (D:4)
  5 kobolds (D:9)
  3 butterflies (Lair:1)
148 creatures vanquished.

Vanquished Creatures (others)
  Sonja (Lair:4)
  A wolf (Lair:5)
  15 knights
  An ancestor (D:4)
  A fire vortex (Lair:3)
  29 fungi
  77 plants
125 creatures vanquished.

Grand Total: 799 creatures vanquished

Notes
Turn   | Place    | Note
-------+----------+-------------------------------------------
     0 | D:1      | RKaid the Deep Elf Hunter began the quest for the Orb.
     0 | D:1      | Reached XP level 1. HP: 12/12 MP: 3/3
   235 | D:1      | Reached XP level 2. HP: 17/17 MP: 4/4
  1057 | D:1      | Reached skill level 2 in Fighting
  1057 | D:1      | Reached skill level 6 in Ranged Weapons
  1180 | D:2      | Reached skill level 3 in Dodging
  1180 | D:2      | Reached XP level 3. HP: 21/21 MP: 5/5
  1436 | D:2      | Found a faded altar of an unknown god.
  1620 | D:2      | Reached XP level 4. HP: 26/26 MP: 6/6
  2978 | D:3      | Reached skill level 7 in Ranged Weapons
  2979 | D:3      | Found an ancient bone altar of Kikubaaqudgha.
  2979 | D:3      | Found a sparkling altar of Nemelex Xobeh.
  2979 | D:3      | Found a hazy altar of Hepliaklqana.
  2986 | D:3      | Became a worshipper of Hepliaklqana the Forgotten
  2992 | D:3      | Found an opulent altar of Gozag.
  3063 | D:3      | Found a burning altar of Makhleb.
  3280 | D:3      | Found a sacrificial altar of Ru.
  3294 | D:3      | Reached XP level 5. HP: 31/31 MP: 7/7
  3499 | D:4      | Reached skill level 4 in Dodging
  3531 | D:4      | Identified the +1 plate armour of the Vacuum {rF+}
  3676 | D:4      | Reached XP level 6. HP: 29/36 MP: 8/8
  3719 | D:4      | Reached skill level 3 in Fighting
  3721 | D:4      | Reached skill level 8 in Ranged Weapons
  3848 | D:4      | Reached * piety under Hepliaklqana
  3996 | D:4      | Noticed Pikel
  4007 | D:4      | HP: 3/33 [Pikel/iceblast (18)]
  4518 | D:4      | Noticed Blork the orc
  4526 | D:4      | Killed Blork the orc
  5165 | D:4      | Reached skill level 5 in Dodging
  5165 | D:4      | Reached XP level 7. HP: 36/36 MP: 9/9
  5325 | D:5      | Entered Level 5 of the Dungeon
  5469 | D:5      | Found a broken altar of Ashenzari.
  5624 | D:5      | Reached skill level 9 in Ranged Weapons
  5654 | D:5      | Reached ** piety under Hepliaklqana
  5655 | D:5      | Remembered your ancestor Cheryl as a knight
  6047 | D:5      | Noticed Duvessa
  6061 | D:5      | Noticed Dowan
  6064 | D:5      | Killed Dowan
  6428 | D:5      | Killed Duvessa
  6619 | D:6      | Reached skill level 4 in Fighting
  6619 | D:6      | Reached skill level 10 in Ranged Weapons
  6661 | D:6      | Found a staircase to the Ecumenical Temple.
  6689 | D:6      | Reached skill level 6 in Dodging
  6689 | D:6      | Reached XP level 8. HP: 43/43 MP: 10/10
  6786 | D:6      | Found a glowing drain.
  6795 | Sewer    | Entered a sewer
  6849 | Sewer    | Reached skill level 11 in Ranged Weapons
  6898 | D:6      | Noticed Sigmund
  6903 | D:6      | Killed Sigmund
  7073 | D:6      | Reached skill level 7 in Dodging
  7207 | D:6      | Reached skill level 5 in Fighting
  7232 | D:6      | Reached *** piety under Hepliaklqana
  7353 | D:6      | Noticed mif's ghost (amateur MiBe)
  7360 | D:6      | Identified the +3 plate armour of the Lobster {rCorr}
  7364 | D:6      | Found a runed translucent gate.
  7364 | D:6      | Found a runed translucent gate.
  7365 | D:6      | Found a runed translucent gate.
  7404 | D:6      | Reached skill level 12 in Ranged Weapons
  7404 | D:6      | Reached XP level 9. HP: 48/48 MP: 11/11
  8356 | D:7      | Identified the +1 trident "Qeutruun" {flame, rElec rCorr
                  | Dex-5 SInv}
  8360 | D:7      | Reached skill level 8 in Dodging
  8515 | D:8      | Found a stormy altar of Qazlal.
  8569 | D:8      | Found a flagged portal.
  8575 | Bailey   | Entered a bailey
  8618 | Bailey   | Reached skill level 13 in Ranged Weapons
  8961 | Bailey   | Reached skill level 6 in Fighting
  8992 | Bailey   | Reached skill level 14 in Ranged Weapons
  9079 | Bailey   | Noticed an orc warlord
  9082 | Bailey   | Reached skill level 9 in Dodging
  9082 | Bailey   | Reached XP level 10. HP: 54/54 MP: 12/12
  9090 | Bailey   | Killed an orc warlord
  9271 | D:8      | Found a radiant altar of Vehumet.
  9273 | D:8      | Reached **** piety under Hepliaklqana
  9472 | D:8      | Reached skill level 15 in Ranged Weapons
  9845 | D:9      | Identified a scroll of acquirement
  9861 | D:9      | Found Gotaiff's Armour Shoppe.
  9862 | D:9      | Found a staircase to the Orcish Mines.
  9864 | D:9      | Found Nerghir's Weapon Shoppe.
 10049 | D:9      | Reached skill level 7 in Fighting
 10049 | D:9      | Reached skill level 16 in Ranged Weapons
 10049 | D:9      | Reached skill level 11 in Dodging
 10049 | D:9      | Reached skill level 4 in Invocations
 10049 | D:9      | Reached XP level 11. HP: 61/61 MP: 12/16
 10177 | D:9      | Reached skill level 8 in Fighting
 10333 | D:9      | Found a white marble altar of Elyvilon.
 10544 | D:9      | Found a staircase to the Lair.
 10602 | D:9      | Reached skill level 17 in Ranged Weapons
 10626 | D:9      | Noticed a rakshasa
 10911 | D:10     | Entered Level 10 of the Dungeon
 10945 | D:10     | Found Afoschiy's Distillery.
 11046 | D:10     | Reached XP level 12. HP: 67/67 MP: 17/17
 11057 | D:10     | Acquired a manual of Dodging
 11113 | D:10     | Found an iron altar of Okawaru.
 11229 | D:10     | Reached skill level 12 in Dodging
 11257 | D:10     | Identified the +2 war axe "Cucvuk" {spect, Fly rElec rN+
                  | Dex-2}
 11595 | D:10     | Noticed a two-headed ogre
 11601 | D:10     | Killed a two-headed ogre
 12038 | Lair:1   | Entered Level 1 of the Lair of Beasts
 12038 | Lair:1   | Noticed Fannar
 12048 | Lair:1   | Killed Fannar
 12348 | Lair:1   | Noticed a catoblepas
 12392 | Lair:1   | Reached skill level 18 in Ranged Weapons
 12451 | Lair:1   | Reached ***** piety under Hepliaklqana
 12478 | Lair:1   | Reached skill level 13 in Dodging
 13046 | Lair:1   | Acquired 873 gold pieces
 13048 | Lair:1   | Acquired the ring of the Doge {rPois Str+4 Slay+6 SInv}
 13242 | Lair:2   | Reached skill level 9 in Fighting
 13242 | Lair:2   | Reached skill level 5 in Invocations
 13465 | Lair:2   | Noticed NineInchNils's ghost (journeyman OgHu)
 13497 | Lair:2   | Reached skill level 14 in Dodging
 13667 | Lair:2   | Found a runed translucent gate.
 13667 | Lair:2   | Found a runed translucent gate.
 13667 | Lair:2   | Found a runed translucent gate.
 14046 | Lair:3   | Reached skill level 6 in Invocations
 14198 | Lair:3   | Found a staircase to the Snake Pit.
 14237 | Lair:3   | Reached XP level 13. HP: 63/72 MP: 18/20
 14354 | Lair:3   | Found a staircase to the Swamp.
 14869 | Lair:3   | Noticed Nergalle
 14875 | Lair:3   | Killed Nergalle
 14876 | Lair:3   | Reached skill level 15 in Dodging
 15110 | Lair:3   | Reached skill level 19 in Ranged Weapons
 15110 | Lair:3   | Reached skill level 7 in Invocations
 15691 | Lair:4   | Reached skill level 10 in Fighting
 15746 | Lair:4   | Noticed Sonja
 15751 | Lair:4   | Killed Sonja
 15812 | Lair:4   | Reached skill level 16 in Dodging
 15934 | Lair:4   | Reached skill level 8 in Invocations
 16266 | Lair:4   | Reached ****** piety under Hepliaklqana
 16438 | Lair:5   | Entered Level 5 of the Lair of Beasts
 16787 | Lair:5   | Reached skill level 17 in Dodging
 16832 | Lair:5   | Found a staircase to the Slime Pits.
 16837 | Lair:5   | Found a viscous altar of Jiyva.
 16854 | Lair:5   | Reached skill level 9 in Invocations
 16967 | Lair:5   | Reached XP level 14. HP: 79/79 MP: 22/22
 17114 | Lair:5   | Reached skill level 20 in Ranged Weapons
 18131 | D:11     | Found Delagots's Book Boutique.
 18298 | D:11     | Reached skill level 11 in Fighting
 18394 | D:11     | Reached skill level 18 in Dodging
 18886 | D:12     | Found Juataaff's Gadget Gallery.
 18909 | D:12     | Reached skill level 10 in Invocations
 19743 | D:13     | Found a runed translucent gate.
 19743 | D:13     | Found a runed translucent gate.
 19743 | D:13     | Found a runed translucent gate.
 19838 | D:13     | Noticed predelnik's ghost (journeyman HuCj)
 19975 | D:13     | Found a frozen archway.
 19994 | IceCv    | Entered an ice cave
 20239 | IceCv    | Reached skill level 19 in Dodging
 20420 | IceCv    | Reached skill level 21 in Ranged Weapons
 20850 | IceCv    | Reached skill level 11 in Invocations
 21001 | IceCv    | Identified the +4 short sword of Ragnarok {freeze, rPois}
 21250 | D:13     | Reached XP level 15. HP: 86/86 MP: 25/25
 22312 | D:14     | Found a gate to the Vaults.
 22789 | D:14     | Got Moebat's Guidebook on Black Rites and Grit
 22809 | D:14     | Acquired 873 gold pieces
 22814 | D:15     | Entered Level 15 of the Dungeon
 22841 | D:15     | Reached skill level 12 in Fighting
 23045 | D:15     | Found a staircase to the Depths.
 23045 | D:15     | Noticed a frost giant
 23051 | D:15     | Killed a frost giant
 23324 | D:15     | Found Inguch's Weapon Emporium.
 23581 | Orc:1    | Entered Level 1 of the Orcish Mines
 23585 | Orc:1    | Noticed Jorgrun
 23592 | Orc:1    | HP: 16/86 [constriction (8)]
 23593 | Orc:1    | HP: 3/86 [constriction (8)]
 23594 | Orc:1    | Killed from afar by Jorgrun

Illustrated notes

Levels and vault maps discovered:
D:1:      heliophobic_arrival_ceremonial_halls, layout_basic,
          serial_park_tiny_pond, minmay_split_cup_small
D:2:      minmay_skewed_foursquare, layout_basic,
          hellmonk_ecumenical_altar_crossroads
D:3:      layout_basic, grunt_temple_overflow_cloverleaf, lemuel_tele_altar,
          mainiacjoe_overflow_small_starburst, roderic_nine_men_s_morris,
          kennysheep_small_spiral
D:4:      layout_basic, nicolae_eternal_life, minmay_misc_feat_hallway,
          uniq_pikel, uniq_blork_the_orc
D:5:      layout_basic, mainiacjoe_overflow_surrounded_room, minivault_5,
          minmay_misc_feat_rows, uniq_duvessa
D:6:      layout_basic, minmay_temple_entry_purple_smoke, gammafunk_ghost_split,
          portal_sewer_entry_d, corner_web_ring, uniq_sigmund
D:7:      layout_rooms, chequers_serial_rivers_marsh
D:8:      layout_loops_ring, grunt_qazlal_clouds,
          mainiacjoe_overflow_concentric_impassable, enter_bailey_3
D:9:      layout_rooms, grunt_lair_entry_orc_guard_hut, orc_david_3,
          chequers_serial_rivers_marsh, minmay_ruined_shrine
D:10:     layout_long_grid, lemuel_round_altar, serial_shops,
          nicolae_shop_window_shopping, hangedman_decor_growths,
          serial_bayou_lagoon_a
D:11:     layout_irregular_city, serial_shops, nicolae_shop_hallway_stairs
D:12:     layout_small_grid, minivault_15, nicolae_shop_gadgets
D:13:     layout_stronghold, portal_ice_cave_entry_ice_simulacra,
          maelrawn_ghost_gauntlet_escape
D:14:     layout_roguey, david_vaults_2
D:15:     grunt_enter_depths_snipers, layout_long_grid, corexii_hall_statues_s,
          serial_shops, nicolae_shop_advertising_works
          [nicolae_subvault_shop_adworks]
Lair:1:   layout_chaotic_city, serial_forest, infiniplex_forest_lined_2,
          infiniplex_forest_end_1, infiniplex_forest_clump_double,
          infiniplex_forest_corner_2, chequers_serial_rivers_micro_d,
          lemuel_fruit_fields, serial_bayou_shore_a, uniq_fannar
Lair:2:   layout_chaotic_city, gammafunk_ghost_icy, serial_bayou_shore_b
Lair:3:   layout_gridlike, minmay_swamp_entry_eels,
          minmay_snake_entry_guardpost_small, nicolae_lair_liquid_snakes,
          uniq_nergalle
Lair:4:   wander_river, layout_misc_corridors, special_room
          [special_room_mythical_zoo], roderic_carrion_pond, uniq_sonja
Lair:5:   hangedman_lair_caniforms_friends, layout_loops_ring,
          minmay_slime_entry_jelly_boxes, st_stairs_7, small_statue_intersection
Orc:1:    layout_diamond_mine, gammafunk_ghost_arena, uniq_snorg, uniq_jorgrun,
          uniq_urug

Skill      XL: |  1  2  3  4  5  6  7  8  9 10 11 12 13 14 15 |
---------------+----------------------------------------------+-----
Fighting       | 2 3 4 5 6 7 8 9 10 11 12 | 12.1
Ranged Weapons | 6 7 8 10 12 14 16 17 18 19 21 | 21.6
Dodging        | 3 4 5 6 7 9 11 14 17 19 | 19.9
Invocations    | 4 6 9 11 | 11.9
Stealth        | |  1.2

Action                   |  1- 3 |  4- 6 |  7- 9 | 10-12 | 13-15 || total
-------------------------+-------+-------+-------+-------+-------++-------
 Fire: Shortbow          |    89 |   184 |   300 |    36 |    22 ||   631
       Arbalest          |       |       |       |   398 |   907 ||  1305
Invok: Ancestor Identity |       |     2 |       |       |       ||     2
       Recall Ancestor   |       |     1 |       |       |     1 ||     2
       Ancestor Life: Kn |       |       |     1 |       |       ||     1
Evoke: Wand              |       |       |       |       |     2 ||     2
  Use: Scroll            |       |     5 |     4 |     8 |    15 ||    32
       Potion            |       |     2 |       |     1 |     4 ||     7
Armor: Leather armour    |    18 |    14 |     1 |       |       ||    33
       Robe              |       |       |     4 |    15 |    32 ||    51
Dodge: Dodged            |    26 |    44 |    52 |    70 |   221 ||   413
Block: Other             |       |       |     7 |    21 |    57 ||    85
       Reflection        |       |       |     1 |     4 |     8 ||    13

Table legend: (Time is in decaauts)
 A = Elapsed time spent in this place.
 B = Non-inter-level travel time spent in this place.
 C = Inter-level travel time spent in this place.
 D = Time resting spent in this place.
 E = Time spent auto-exploring this place.
 F = Levels seen in this place.
 G = Mean time per level.
                   A        B        C        D        E       F      G
               +--------+--------+--------+--------+--------+-----+--------+
         Total |  23721 |  22908 |    813 |   4704 |  12458 |  24 |  988.4 |
       Dungeon |  15923 |  15288 |    635 |   2497 |   9245 |  15 | 1061.5 |
          Lair |   5990 |   5813 |    177 |   1497 |   2880 |   5 | 1198.0 |
  Orcish Mines |     13 |     13 |      0 |      0 |      0 |   1 |   13.0 |
         Sewer |    105 |    105 |      0 |      0 |     34 |   1 |  105.0 |
        Bailey |    650 |    650 |      0 |    252 |     46 |   1 |  650.0 |
      Ice Cave |   1037 |   1037 |      0 |    458 |    252 |   1 | 1037.0 |
               +--------+--------+--------+--------+--------+-----+--------+

Top non-repeatable levels by time:
     D:4: 1858 daAuts
  Lair:3: 1517 daAuts
  Lair:5: 1405 daAuts
    D:13: 1364 daAuts
     D:3: 1293 daAuts
     D:5: 1255 daAuts
     D:9: 1201 daAuts
    D:10: 1164 daAuts
     D:6: 1147 daAuts
     D:1: 1121 daAuts
     D:2: 1110 daAuts
  Lair:1: 1072 daAuts
   IceCv: 1037 daAuts
  Lair:4: 1036 daAuts
  Lair:2: 959 daAuts

Table legend:
 A = Kills in this place as a percentage of kills in entire the game.
 B = Kills by you in this place as a percentage of kills by you in the entire game.
 C = Kills by friends in this place as a percentage of kills by friends in the entire game.
 D = Other kills in this place as a percentage of other kills in the entire game.
 E = Experience gained in this place as a percentage of experience gained in the entire game.
 F = Experience gained in this place divided by the number of levels of this place that you have seen.
                   A       B       C       D       E      F
               +-------+-------+-------+-------+-------+----------------------
         Total | 100.0 | 100.0 | 100.0 | 100.0 | 100.0 | 4925.2
       Dungeon |  49.6 |  50.0 |  49.0 |   0.0 |  43.5 | 3431.9
          Lair |  35.2 |  35.7 |  32.4 | 100.0 |  42.5 | 10054.4
         Sewer |   1.2 |   1.0 |   2.1 |   0.0 |   0.1 |  91.0
        Bailey |   6.7 |   6.3 |   8.3 |   0.0 |   2.7 | 3147.0
      Ice Cave |   7.3 |   7.1 |   8.3 |   0.0 |  11.2 | 13217.0
               +-------+-------+-------+-------+-------+----------------------
